NCAA
SOUTHERN CALIFORNIA TROJANS @ ARIZONA STATE SUN DEVILS
04/08/2028
 
TOP OF THE 1ST
Southern California Trojans batting - Pitching for Arizona State Sun Devils : RHP Manny Cook
Pitching: RHP Manny Cook
Batting: RHB Ben Byrd 0-0: Ground out 6-3 (Groundball, 6)
Batting: RHB John Fergusson 0-0: Ball
1-0: Called Strike
1-1: Ball
2-1: Swinging Strike
2-2: Foul Ball, location: 2F
2-2: Ball
3-2: Foul Ball, location: 2F
3-2: SINGLE (Line Drive, 6)
Batting: LHB Kel Smith 0-0: Called Strike
0-1: Foul Ball, location: 2F
0-2: SINGLE (Groundball, 4M) (infield hit)
John Fergusson to second
Batting: RHB Mike Carter 0-0: 3-RUN HOME RUN (Flyball, 78XD), Distance : 389 ft
Batting: LHB Steve Herman 0-0: Called Strike
0-1: Ball
1-1: Ball
2-1: Swinging Strike
2-2: Strikes out swinging
Batting: RHB Eddy Davenport 0-0: Fly out, F8 (Flyball, 8RD)
Top of the 1st over - 3 run(s), 3 hit(s), 0 error(s), 0 left on base; Southern California 3 - Arizona State 0
BOTTOM OF THE 1ST
Arizona State Sun Devils batting - Pitching for Southern California Trojans : RHP Jonathan Willis
Pitching: RHP Jonathan Willis
Batting: LHB Ryan Billman 0-0: Ball
1-0: SINGLE (Line Drive, 78M)
Batting: RHB Tim Oliver 0-0: Ball
1-0: Fly out, F8 (Flyball, 8LM)
Batting: SHB Leonardo González 0-0: Called Strike
0-1: Swinging Strike
0-2: Strikes out looking
Batting: RHB Cristo Avalos 0-0: Ball
Ryan Billman steals 2nd base
1-0: Foul Ball, location: 2F
1-1: Ball
2-1: Fly out, F9 (Flyball, 9S)
Bottom of the 1st over - 0 run(s), 1 hit(s), 0 error(s), 1 left on base; Southern California 3 - Arizona State 0
TOP OF THE 2ND
Southern California Trojans batting - Pitching for Arizona State Sun Devils : RHP Manny Cook
Batting: LHB Gene Riddle 0-0: Ball
1-0: Ball
2-0: Ball
3-0: Base on Balls
Batting: SHB Will O'Clerkin 0-0: Ball
1-0: Called Strike
1-1: Ball
2-1: Foul Ball, location: 2F
2-2: Ball
3-2: Foul Ball, location: 2F
3-2: Fly out, F8 (Flyball, 89XD)
Batting: RHB Ben Martínez 0-0: Ball
Gene Riddle is caught stealing 2nd base
1-0: Ball
2-0: Ball
3-0: Base on Balls
Batting: RHB Ben Byrd 0-0: Called Strike
0-1: Ball
1-1: Foul Ball, location: 2F
1-2: Strikes out swinging
Top of the 2nd over - 0 run(s), 0 hit(s), 0 error(s), 1 left on base; Southern California 3 - Arizona State 0
BOTTOM OF THE 2ND
Arizona State Sun Devils batting - Pitching for Southern California Trojans : RHP Jonathan Willis
Batting: SHB Paul Davenport 0-0: Ball
1-0: Foul Ball, location: 2F
1-1: Foul Ball, location: 2F
1-2: Strikes out swinging
Batting: LHB Werner Fisher 0-0: Hit by Pitch
Batting: LHB José Serrano 0-0: Called Strike
0-1: Foul Ball, location: 2F
0-2: Foul Ball, location: 2F
0-2: Strikes out swinging
Batting: LHB Juan Guzmán 0-0: Called Strike
Werner Fisher is caught stealing 2nd base
Bottom of the 2nd over - 0 run(s), 0 hit(s), 0 error(s), 0 left on base; Southern California 3 - Arizona State 0
TOP OF THE 3RD
Southern California Trojans batting - Pitching for Arizona State Sun Devils : RHP Manny Cook
Batting: RHB John Fergusson 0-0: Ball
1-0: Ball
2-0: Ball
3-0: Base on Balls
Batting: LHB Kel Smith 0-0: Ball
1-0: Foul Ball, location: 2F
1-1: Ball
2-1: Swinging Strike
2-2: Strikes out swinging
Batting: RHB Mike Carter 0-0: Called Strike
0-1: Foul Ball, location: 2F
0-2: Ball
1-2: Strikes out swinging
Batting: LHB Steve Herman 0-0: Foul Ball, location: 2F
0-1: Ball
1-1: Called Strike
1-2: Ball
2-2: Ball
3-2: SINGLE (Flyball, 9S)
John Fergusson to second
John Fergusson to third
Batting: RHB Eddy Davenport 0-0: Fielders Choice at 2nd, 5-4 (Groundball, 5L)
Top of the 3rd over - 0 run(s), 1 hit(s), 0 error(s), 1 left on base; Southern California 3 - Arizona State 0
BOTTOM OF THE 3RD
Arizona State Sun Devils batting - Pitching for Southern California Trojans : RHP Jonathan Willis
Batting: LHB Juan Guzmán 0-0: Swinging Strike
0-1: Ball
1-1: Ball
2-1: Ground out 4-3 (Groundball, 4)
Batting: LHB John Turner 0-0: Ball
1-0: SOLO HOME RUN (Flyball, 89XD), Distance : 387 ft
Batting: LHB Ryan Billman 0-0: Ball
1-0: Called Strike
1-1: Called Strike
1-2: Strikes out swinging
Batting: RHB Tim Oliver 0-0: Foul Ball, location: 2F
0-1: Ball
1-1: Ball
2-1: Foul Ball, location: 2F
2-2: Foul Ball, location: 2F
2-2: SOLO HOME RUN (Line Drive, 78XD), Distance : 377 ft
Batting: SHB Leonardo González 0-0: Ball
1-0: Called Strike
1-1: Foul Ball, location: 2F
1-2: Ball
2-2: Foul Ball, location: 2F
2-2: Ball
3-2: Reached on error, E3 (Groundball, 34S)
Batting: RHB Cristo Avalos 0-0: Hit by Pitch
Batting: SHB Paul Davenport 0-0: Called Strike
0-1: Ground out 3-1 (Groundball, 34)
Bottom of the 3rd over - 2 run(s), 2 hit(s), 1 error(s), 2 left on base; Southern California 3 - Arizona State 2
TOP OF THE 4TH
Southern California Trojans batting - Pitching for Arizona State Sun Devils : RHP Manny Cook
Batting: LHB Gene Riddle 0-0: Foul Ball, location: 2F
0-1: Swinging Strike
0-2: Strikes out swinging
Batting: SHB Will O'Clerkin 0-0: Called Strike
0-1: Ball
1-1: Ball
2-1: Foul Ball, location: 2F
2-2: Ball
3-2: Base on Balls
Batting: RHB Ben Martínez 0-0: Ball
1-0: Foul Ball, location: 2F
1-1: Swinging Strike
1-2: Ball
2-2: Strikes out looking
Batting: RHB Ben Byrd 0-0: Ball
1-0: Swinging Strike
1-1: Swinging Strike
1-2: Strikes out swinging
Top of the 4th over - 0 run(s), 0 hit(s), 0 error(s), 1 left on base; Southern California 3 - Arizona State 2
BOTTOM OF THE 4TH
Arizona State Sun Devils batting - Pitching for Southern California Trojans : RHP Jonathan Willis
Batting: LHB Werner Fisher 0-0: Ball
1-0: Foul Ball, location: 2F
1-1: Foul Ball, location: 2F
1-2: Strikes out looking
Batting: LHB José Serrano 0-0: Ball
1-0: Ball
2-0: Swinging Strike
2-1: Foul Ball, location: 2F
2-2: Foul Ball, location: 2F
2-2: Ball
3-2: Strikes out swinging
Batting: LHB Juan Guzmán 0-0: Called Strike
0-1: Called Strike
0-2: Strikes out swinging
Bottom of the 4th over - 0 run(s), 0 hit(s), 0 error(s), 0 left on base; Southern California 3 - Arizona State 2
TOP OF THE 5TH
Southern California Trojans batting - Pitching for Arizona State Sun Devils : RHP Manny Cook
Batting: RHB John Fergusson 0-0: Ball
1-0: Foul Ball, location: 2F
1-1: Ball
2-1: Foul Ball, location: 2F
2-2: Ball
3-2: Strikes out swinging
Pitching: RHP John Osborne
Batting: LHB Kel Smith 0-0: Ball
1-0: Foul Ball, location: 2F
1-1: Ball
2-1: Foul Ball, location: 2F
2-2: Foul Ball, location: 2F
2-2: Ball
3-2: Strikes out looking
Batting: RHB Mike Carter 0-0: SINGLE (Line Drive, 4MD)
Batting: LHB Steve Herman 0-0: Ball
1-0: SINGLE (Line Drive, 4MD)
Mike Carter to second
Batting: RHB Eddy Davenport 0-0: Ball
1-0: Ball
2-0: Called Strike
2-1: Called Strike
2-2: Foul Ball, location: 2F
2-2: Ball
3-2: Base on Balls
Mike Carter to third
Steve Herman to second
Batting: LHB Gene Riddle 0-0: Ball
Wild Pitch!
Mike Carter scores
Steve Herman to third
Eddy Davenport to second
1-0: Ball
2-0: Ground out 5-3 (Groundball, 5L)
Top of the 5th over - 1 run(s), 2 hit(s), 0 error(s), 2 left on base; Southern California 4 - Arizona State 2
BOTTOM OF THE 5TH
Arizona State Sun Devils batting - Pitching for Southern California Trojans : RHP Jonathan Willis
Batting: LHB John Turner 0-0: Ball
1-0: Ball
2-0: DOUBLE (Groundball, 5L)
Batting: LHB Ryan Billman 0-0: SINGLE (Flyball, 9S)
John Turner to third
Runner from 3rd tries for Home, throw and OUT!
Ryan Billman to second
Batting: RHB Tim Oliver 0-0: Fly out, F7 (Flyball, 7)
Batting: SHB Leonardo González 0-0: Ball
1-0: Ball
2-0: Foul Ball, location: 2F
2-1: Ground out 4-3 (Groundball, 4)
Bottom of the 5th over - 0 run(s), 2 hit(s), 0 error(s), 1 left on base; Southern California 4 - Arizona State 2
TOP OF THE 6TH
Southern California Trojans batting - Pitching for Arizona State Sun Devils : RHP John Osborne
Batting: SHB Will O'Clerkin 0-0: Called Strike
0-1: Ball
1-1: Ball
2-1: Ball
3-1: DOUBLE (Flyball, 78D)
Batting: RHB Ben Martínez 0-0: Ball
1-0: Swinging Strike
1-1: Swinging Strike
1-2: SINGLE (Line Drive, 6MD)
Will O'Clerkin to third
Runner from 3rd tries for Home, SAFE, no throw
Pitching: RHP Scott Robbins
Batting: RHB Ben Byrd 0-0: Ball
1-0: Ball
2-0: Ball
3-0: Base on Balls
Ben Martínez to second
Batting: RHB John Fergusson 0-0: Called Strike
0-1: Called Strike
0-2: Foul Ball, location: 2F
0-2: Foul Ball, location: 2F
0-2: Ball
1-2: Ball
2-2: Ball
3-2: Strikes out swinging
Batting: LHB Kel Smith 0-0: Called Strike
0-1: Ground out 6-3 (Groundball, 6D)
Ben Martínez to third
Ben Byrd to second
Batting: RHB Mike Carter 0-0: Ground out 4-3 (Groundball, 34)
Top of the 6th over - 1 run(s), 2 hit(s), 0 error(s), 2 left on base; Southern California 5 - Arizona State 2
BOTTOM OF THE 6TH
Arizona State Sun Devils batting - Pitching for Southern California Trojans : RHP Jonathan Willis
Batting: RHB Cristo Avalos 0-0: SINGLE (Flyball, 9LS)
Batting: SHB Paul Davenport 0-0: Ball
1-0: Called Strike
1-1: Ball
2-1: Ball
3-1: DOUBLE (Groundball, 3L)
Cristo Avalos to third
Batting: LHB Werner Fisher 0-0: Called Strike
0-1: Foul Ball, location: 2F
0-2: Ball
1-2: Strikes out swinging
Pitching: LHP Félix Velasco
Batting: LHB José Serrano 0-0: Called Strike
0-1: Ball
1-1: Ball
2-1: Fly out, F8 (Flyball, 8RM)
Batting: LHB Juan Guzmán 0-0: Called Strike
0-1: Swinging Strike
0-2: Ball
1-2: Ball
2-2: Ball
3-2: Foul Ball, location: 2F
3-2: Strikes out swinging
Bottom of the 6th over - 0 run(s), 2 hit(s), 0 error(s), 2 left on base; Southern California 5 - Arizona State 2
TOP OF THE 7TH
Southern California Trojans batting - Pitching for Arizona State Sun Devils : RHP Scott Robbins
Batting: LHB Steve Herman 0-0: Called Strike
0-1: Ball
1-1: Fly out, F9 (Line Drive, 9)
Batting: RHB Eddy Davenport 0-0: Called Strike
0-1: Called Strike
0-2: Ball
1-2: Strikes out swinging
Batting: LHB Gene Riddle 0-0: Foul Ball, location: 2F
0-1: Called Strike
0-2: Foul Ball, location: 2F
0-2: Ball
1-2: Ball
2-2: Strikes out swinging
Top of the 7th over - 0 run(s), 0 hit(s), 0 error(s), 0 left on base; Southern California 5 - Arizona State 2
BOTTOM OF THE 7TH
Arizona State Sun Devils batting - Pitching for Southern California Trojans : LHP Félix Velasco
Batting: LHB John Turner 0-0: Ball
1-0: Ground out 1-3 (Groundball, P)
Batting: LHB Ryan Billman 0-0: Called Strike
0-1: Ball
1-1: Ball
2-1: Ground out 4-3 (Groundball, 4)
Batting: RHB Tim Oliver 0-0: Called Strike
0-1: Ball
1-1: Called Strike
1-2: Strikes out looking
Bottom of the 7th over - 0 run(s), 0 hit(s), 0 error(s), 0 left on base; Southern California 5 - Arizona State 2
TOP OF THE 8TH
Southern California Trojans batting - Pitching for Arizona State Sun Devils : RHP Scott Robbins
Batting: SHB Will O'Clerkin 0-0: Ball
1-0: Ball
2-0: Ball
3-0: Base on Balls
Batting: RHB Ben Martínez 0-0: Ball
1-0: Foul Ball, location: 2F
1-1: Ball
2-1: Ball
3-1: Sac Bunt - play at first, batter OUT! 3-4
Will O'Clerkin to second
Batting: RHB Ben Byrd 0-0: Intentional Walk
Batting: RHB John Fergusson 0-0: Swinging Strike
0-1: Called Strike
0-2: SINGLE (Line Drive, 89S)
Will O'Clerkin to third
Ben Byrd to second
Runner from 3rd tries for Home, SAFE, no throw
Batting: LHB Kel Smith 0-0: Fly out, F8 (Flyball, 8LS)
Batting: RHB Mike Carter 0-0: Foul Ball, location: 2F
0-1: Foul Ball, location: 2F
0-2: Ball
1-2: Ball
2-2: Strikes out swinging
Top of the 8th over - 1 run(s), 1 hit(s), 0 error(s), 2 left on base; Southern California 6 - Arizona State 2
BOTTOM OF THE 8TH
Arizona State Sun Devils batting - Pitching for Southern California Trojans : LHP Félix Velasco
Batting: SHB Leonardo González 0-0: Fly out, F9 (Flyball, 9LS)
Batting: RHB Cristo Avalos 0-0: Ball
1-0: Swinging Strike
1-1: Fly out, F2 (Popup, 2R)
Batting: SHB Paul Davenport 0-0: Foul Ball, location: 2F
0-1: Foul Ball, location: 2F
0-2: Ball
1-2: Reached on error, E6 (Groundball, 6)
Batting: LHB Werner Fisher 0-0: Called Strike
0-1: Fly out, F8 (Line Drive, 78M)
Bottom of the 8th over - 0 run(s), 0 hit(s), 1 error(s), 1 left on base; Southern California 6 - Arizona State 2
TOP OF THE 9TH
Southern California Trojans batting - Pitching for Arizona State Sun Devils : RHP Scott Robbins
Pitching: RHP Carl Pearson
Batting: LHB Steve Herman 0-0: Called Strike
0-1: Ball
1-1: Foul Ball, location: 2F
1-2: Fly out, F8 (Flyball, 8RM)
Batting: RHB Eddy Davenport 0-0: Called Strike
0-1: Ball
1-1: Swinging Strike
1-2: Strikes out swinging
Batting: LHB Gene Riddle 0-0: Swinging Strike
0-1: Foul Ball, location: 2F
0-2: Ball
1-2: Strikes out swinging
Top of the 9th over - 0 run(s), 0 hit(s), 0 error(s), 0 left on base; Southern California 6 - Arizona State 2
BOTTOM OF THE 9TH
Arizona State Sun Devils batting - Pitching for Southern California Trojans : LHP Félix Velasco
Batting: LHB José Serrano 0-0: Called Strike
0-1: Ball
1-1: Ball
2-1: Called Strike
2-2: Ball
3-2: Base on Balls
Batting: LHB Juan Guzmán 0-0: Called Strike
0-1: SINGLE (Groundball, 6MD)
José Serrano to second
Pitching: RHP Brett Hammond
Batting: LHB John Turner 0-0: Swinging Strike
0-1: Foul Ball, location: 2F
0-2: Ball
1-2: SINGLE (Groundball, 56D)
José Serrano to third
Juan Guzmán to second
Batting: LHB Ryan Billman 0-0: Fly out, F8 (Line Drive, 89M)
Runner from 3rd tags up, SCORES, no throw
Batting: RHB Tim Oliver 0-0: Called Strike
0-1: Called Strike
0-2: Foul Ball, location: 2F
0-2: Ball
1-2: Foul Ball, location: 2F
1-2: Foul Ball, location: 2F
1-2: Foul Ball, location: 2F
1-2: Fly out, F7 (Flyball, 7)
Batting: SHB Leonardo González 0-0: Reached via error on a dropped throw, E4
Juan Guzmán to third
John Turner to second
Batting: RHB Cristo Avalos 0-0: Ball
1-0: Foul Ball, location: 2F
1-1: Swinging Strike
1-2: Strikes out swinging
Bottom of the 9th over - 1 run(s), 2 hit(s), 1 error(s), 3 left on base; Southern California 6 - Arizona State 3
Tuesday, August 8th, 2017 - OOTP Baseball 17.12 Build 75